 Dungeon Crawl Stone Soup version 0.27.1 (webtiles) character file.

Game seed: 3949548497443855820

22 chaosape the Covered (level 2, -1/23 HPs)
             Began as a Gnoll Wanderer on Aug 27, 2021.
             Slain by a gnoll (3 damage)
             ... on level 2 of the Dungeon.
             The game lasted 00:07:19 (1008 turns).

chaosape the Covered (Gnoll Wanderer)               Turns: 1008, Time: 00:07:19

Health: -1/23      AC:  8    Str: 18    XL:     2   Next: 91%
Magic:  5/5        EV:  7    Int: 11    God:
Gold:   18         SH:  8    Dex: 10    Spells: 5/6 levels left

rFire    . . .     SeeInvis .   b - +0 hand crossbow
rCold    . . .     Faith    .   n - +0 kite shield
rNeg     . . .     Spirit   .   k - +0 scale mail
rPois    .         Reflect  .   (no helmet)
rElec    .         Harm     .   (no cloak)
rCorr    .         Rampage  .   (no gloves)
Will     .....                  e - +0 pair of boots
Stlth    ..........             (no amulet)
HPRegen  0.07/turn              l - +6 ring of strength
MPRegen  0.09/turn              (no ring)

@: no status effects
A: fangs 1, strong nose, distributed training
a: no special abilities


You were on level 2 of the Dungeon.
You visited 1 branch of the dungeon, and saw 2 of its levels.

You collected 18 gold pieces.

Inventory:

Hand Weapons
 a - a +0 hand axe
 b - a +0 hand crossbow (weapon)
 m - a +0 spear
Missiles
 c - 61 bolts (quivered ammo)
 f - 12 arrows
 g - 33 stones
Armour
 d - a +0 robe
 e - a +0 pair of boots (worn)
 h - a +0 leather armour
 j - a +0 buckler
 k - a +0 scale mail (worn)
 n - a +0 kite shield (worn)
Jewellery
 l - a +6 ring of strength (left hand)
Scrolls
 o - a scroll of brand weapon {unknown}
Potions
 i - a potion of haste {unknown}


   Skills:
 + Level 2.5 Fighting
 + Level 0.5 Short Blades
 + Level 0.5 Long Blades
 + Level 0.5 Axes
 + Level 0.5 Maces & Flails
 + Level 0.5 Polearms
 + Level 0.5 Staves
 + Level 0.5 Slings
 + Level 0.5 Bows
 + Level 4.5 Crossbows
 + Level 0.5 Throwing
 + Level 4.5 Armour
 + Level 0.5 Dodging
 + Level 2.3 Stealth
 + Level 2.5 Shields
 + Level 0.5 Unarmed Combat
 + Level 2.7 Spellcasting
 + Level 2.0 Conjurations
 + Level 0.4 Hexes
 + Level 0.4 Summonings
 + Level 0.4 Necromancy
 + Level 0.4 Translocations
 + Level 0.4 Transmutations
 + Level 2.0 Fire Magic
 + Level 0.4 Ice Magic
 + Level 0.4 Air Magic
 + Level 0.4 Earth Magic
 + Level 0.4 Poison Magic
 + Level 0.7 Invocations
 + Level 0.5 Evocations


You had 5 spell levels left.
You knew the following spells:

 Your Spells              Type           Power      Damage    Failure   Level
a - Magic Dart            Conj           24%        1d4       86%         1

Your spell library contained the following spells:

 Spells                   Type           Power      Damage    Failure   Level
 Searing Ray              Conj           12%        3d3       95%         2
 Dazzling Flash           Conj/Hex       8%         N/A       100%        3
 Fulminant Prism          Conj/Hex       2%         3d6       100%        4
 Iskenderun's Mystic Bla  Conj/Tloc      4%         2d3       100%        4


Dungeon Overview and Level Annotations

Branches:
Dungeon (2/15)

Altars:


Innate Abilities, Weirdness & Mutations

You have very sharp teeth.
Your uncanny sense of smell can sniff out nearby items.
Your experience applies equally to all skills.


Message History

A gnoll comes into view. It is wielding a +0 spear.
The gnoll shouts!
You hear a shout! x2
A gnoll comes into view. It is wielding a +0 halberd.
A gnoll comes into view. It is wielding a +0 whip.
You hear a shout!
You hear a shout!
The gnoll hits you but does no damage.
b - a +0 hand crossbow (weapon)
Fire: 65 bolts
Press: ? - help, Q - select action, (/) - cycle Shift-Dir - straight line, f - gnoll
Aim: a gnoll, wielding a +0 spear (65% to hit)
You shoot a bolt. The bolt hits the gnoll!
The gnoll is almost dead.
Fire: 64 bolts
Press: ? - help, Q - select action, (/) - cycle Shift-Dir - straight line, f - gnoll, p - gnoll
Aim: a gnoll, wielding a +0 halberd (66% to hit)
You shoot a bolt. The bolt completely misses the gnoll.
You block the gnoll's attack. x2
Fire: 63 bolts
Press: ? - help, Q - select action, (/) - cycle Shift-Dir - straight line, f/p - gnoll
Aim: a gnoll, wielding a +0 halberd (65% to hit)
You shoot a bolt. The bolt barely misses the gnoll.
The gnoll barely misses you.
The gnoll hits you from afar with a +0 spear.
A gnoll comes into view. It is wielding a +0 flail.
The gnoll hits you from afar with a +0 halberd!
Fire: 62 bolts
Press: ? - help, Q - select action, (/) - cycle Shift-Dir - straight line, f/p - gnoll
Aim: a gnoll, wielding a +0 halberd (66% to hit)
You shoot a bolt. The bolt barely misses the gnoll.
The gnoll shouts!
You block the gnoll's attack.
The gnoll hits you from afar with a +0 halberd!
Ouch! That really hurt!
* * * LOW HITPOINT WARNING * * *
The gnoll completely misses you.
Okay, then.
The gnoll barely misses you.
The gnoll hits you from afar with a +0 halberd.
You die...

######
###########....#
#(.....gg.g....+
#<#....####g...#
#####.#....#....#####
#.......(..+....@...#
#.#.#.#....#.##.###.#
#.#.######. #.. #.#..
. #### #g#### # #. g.
.g


You could see 2 gnolls.

Vanquished Creatures
  A dart slug (D:1)
  4 ball pythons (D:1)
  2 bats (D:1)
  An endoplasm (D:1)
  4 goblins (D:1)
  2 hobgoblins (D:1)
  2 frilled lizards (D:1)
  A kobold (D:1)
  2 rats (D:1)
19 creatures vanquished.

Notes
Turn   | Place    | Note
-------+----------+-------------------------------------------
     0 | D:1      | chaosape the Gnoll Wanderer began the quest for the Orb.
     0 | D:1      | chaosape set off with the following items: a +0 hand axe, a
                  | +0 hand crossbow, 25 bolts, a +0 robe; and the following
                  | spell memorised: Magic Dart; and the following spells
                  | available to memorise: Searing Ray, Dazzling Flash,
                  | Fulminant Prism, Iskenderun's Mystic Blast
     0 | D:1      | Reached XP level 1. HP: 17/17 MP: 4/4
   352 | D:1      | Reached XP level 2. HP: 23/23 MP: 5/5
  1008 | D:2      | Slain by a gnoll

Illustrated notes

Levels and vault maps discovered:
D:1:      noname_arrival_rooms_in_the_neighbourhood, layout_basic,
          kennysheep_decorative_pillar
D:2:      layout_basic, shapermc_ecumenical_altar_flowoftime, serial_shops,
          nicolae_shop_crystal

Skill      XL: |  1 |
---------------+----+-----
Conjurations   | 2 |  2.0
Fire Magic     | 2 |  2.0
Fighting       | |  2.5
Short Blades   | |  0.5
Long Blades    | |  0.5
Axes           | |  0.5
Maces & Flails | |  0.5
Polearms       | |  0.5
Staves         | |  0.5
Slings         | |  0.5
Bows           | |  0.5
Crossbows      | |  4.5
Throwing       | |  0.5
Armour         | |  4.5
Dodging        | |  0.5
Stealth        | |  2.3
Shields        | |  2.5
Unarmed Combat | |  0.5
Spellcasting   | |  2.7
Hexes          | |  0.4
Summonings     | |  0.4
Necromancy     | |  0.4
Translocations | |  0.4
Transmutations | |  0.4
Ice Magic      | |  0.4
Air Magic      | |  0.4
Earth Magic    | |  0.4
Poison Magic   | |  0.4
Invocations    | |  0.7
Evocations     | |  0.5

Action                   || total
-------------------------++-------
Melee: Spear             ||     8
       Hand axe          ||     6
       Bite              ||     1
 Fire: Hand crossbow     ||    29
Armor: Scale mail        ||    12
Dodge: Dodged            ||     7
Block: Kite shield       ||     8
       Buckler           ||     1
